 Dungeon Crawl Stone Soup version 0.26.1-2-gb8aa6d0cf2 (webtiles) character file.

Game seed: 6797885070491246354

27680 Ladykiller69 the Fencer (level 13, -4/118 HPs)
             Began as a Minotaur Gladiator on Mar 18, 2021.
             Was an Elder of Wu Jian.
             Engulfed by a cloud of freezing vapour (26 damage)
             ... in an ice cave.
             The game lasted 00:37:54 (16371 turns).

Ladykiller69 the Fencer (Minotaur Gladiator)       Turns: 16371, Time: 00:37:55

Health: -4/118     AC: 16    Str: 24    XL:     13   Next: 5%
Magic:  12/12      EV: 17    Int:  5    God:    Wu Jian [****..]
Gold:   821        SH:  0    Dex: 12    Spells: 12/12 levels left

rFire    . . .     SeeInvis .   b - +4 scimitar (flame)
rCold    . . .     Faith    .   (no shield)
rNeg     + . .     Spirit   .   f - quicksilver dragon scales
rPois    +         Reflect  .   X - +1 hat
rElec    .         Harm     .   (no cloak)
rCorr    .         Rampage  .   (no gloves)
Will     +....                  B - +0 pair of boots
Stlth    +.........             S - amulet of regeneration
HPRegen  0.69/turn              C - ring of poison resistance
MPRegen  0.13/turn              D - ring of positive energy

@: no status effects
A: retaliatory headbutt, horns 2
a: Renounce Religion, Wall Jump, Serpent's Lash


You were in an ice cave.
You worshipped Wu Jian.
Wu Jian was greatly pleased with you.
You visited 3 branches of the dungeon, and saw 14 of its levels.
You also visited: Ossuary and Ice Cave.

You collected 933 gold pieces.
You spent 112 gold pieces at shops.

Inventory:

Hand Weapons
 b - a +4 scimitar of flaming (weapon)
Missiles
 d - 3 throwing nets
 p - 3 javelins (quivered)
 V - 8 atropa-tipped darts
Armour
 f - quicksilver dragon scales (worn)
 B - a +0 pair of boots (worn)
 X - a +1 hat (worn)
Jewellery
 g - an uncursed ring of willpower {unknown}
 y - an uncursed amulet of the acrobat {unknown}
 C - a ring of poison resistance (left hand)
 D - a ring of positive energy (right hand)
 I - an uncursed amulet of magic regeneration {unknown}
 Q - an uncursed ring of teleportation
 S - an amulet of regeneration (around neck)
 Y - an uncursed ring of resist corrosion {unknown}
Wands
 c - a wand of iceblast (14)
 i - a wand of digging (6)
 J - a wand of enslavement (6)
 K - a wand of disintegration (14)
 P - a wand of random effects (16)
 U - a wand of flame (16)
 W - a wand of acid (23)
Scrolls
 h - 11 scrolls of teleportation
 j - 3 scrolls of magic mapping
 k - 3 scrolls of amnesia
 l - 3 scrolls of fear
 m - 3 scrolls of noise
 n - 3 scrolls of immolation
 o - 2 scrolls of fog
 r - 8 scrolls of remove curse
 w - a scroll of enchant armour
 x - a scroll of random uselessness
 G - a scroll of vulnerability
 L - 2 scrolls of enchant weapon
 N - a scroll of torment
 T - a scroll of identify
 Z - a scroll of blinking {unknown}
Potions
 a - a potion of experience {unknown}
 e - 4 potions of curing
 q - 5 potions of heal wounds
 s - 2 potions of flight
 t - 3 potions of lignification
 u - 2 potions of berserk rage
 v - 2 potions of cancellation
 z - 2 potions of resistance {unknown}
 A - 3 potions of might
 E - 2 potions of mutation
 F - a potion of invisibility
 H - 2 potions of brilliance
 M - a potion of magic
 O - a potion of ambrosia {unknown}
 R - a potion of attraction {unknown}


   Skills:
 + Level 12.0 Fighting
 * Level 16.3 Long Blades
 - Level 2.0 Throwing
 + Level 11.7 Armour
 + Level 11.4 Dodging


You had 12 spell levels left.
You didn't know any spells.
Your spell library contained the following spells:

 Spells                   Type           Power        Failure   Level
 Animate Skeleton         Necr           0%           58%         1
 Apportation              Tloc           0%           58%         1
 Beastly Appendage        Tmut           0%           58%         1
 Corona                   Hex            0%           58%         1
 Foxfire                  Conj/Fire      0%           58%         1
 Pain                     Necr           0%           58%         1
 Summon Small Mammal      Summ           0%           58%         1
 Slow                     Hex            0%           75%         2
 Wereblood                Tmut           0%           75%         2
 Confusing Touch          Hex            0%           92%         3
 Conjure Flame            Conj/Fire      0%           92%         3
 Gell's Gravitas          Tloc           0%           92%         3
 Inner Flame              Hex/Fire       0%           92%         3
 Portal Projectile        Hex/Tloc       0%           92%         3
 Spider Form              Tmut/Pois      0%           92%         3
 Vampiric Draining        Necr           0%           92%         3
 Animate Dead             Necr           0%           100%        4
 Cause Fear               Hex            0%           100%        4
 Ice Form                 Ice/Tmut       0%           100%        4
 Leda's Liquefaction      Hex/Erth       0%           100%        4
 Petrify                  Tmut/Erth      0%           100%        4
 Sticky Flame             Conj/Fire      0%           100%        4
 Agony                    Necr           0%           100%        5
 Blade Hands              Tmut           0%           100%        5
 Fireball                 Conj/Fire      0%           100%        5
 Metabolic Englaciation   Hex/Ice        0%           100%        5
 Yara's Violent Unravell  Hex/Tmut       0%           100%        5


Dungeon Overview and Level Annotations

Branches:
Dungeon (10/15)            Temple (1/1) D:7            Lair (3/6) D:10
 Shoals (0/4) Lair:3        Snake (0/4) Lair:3      Ossuary (visited)
  IceCv (1/1)
    Orc: D:9-12

Altars:
Ashenzari
Cheibriados
Dithmenos
Elyvilon
Fedhas
Gozag
Hepliaklqana
Kikubaaqudgha
Makhleb
Nemelex Xobeh
Okawaru
Qazlal
Ru
Sif Muna
Trog
Uskayaw
Vehumet
Wu Jian
Xom
Yredelemnul
Zin
The Shining One

Shops:
D:6 *[}?(   D:8 }   D:10 (?

Annotations:
D:4 Dowan, Duvessa
D:6 exclusion: oklob plant IceCv 1 transporter


Innate Abilities, Weirdness & Mutations

You reflexively headbutt those who attack you in melee.
You have a pair of horns on your head.


Message History

The ice statue is almost destroyed.
You are engulfed in freezing vapours.
The ice beast hits you. The ice beast freezes you! The ice beast misses you.
The ice statue gestures at you.
The freezing blast engulfs you but does no damage.
You hit the ice statue but do no damage.
The ice statue is almost destroyed.
You are engulfed in freezing vapours.
* * * LOW HITPOINT WARNING * * *
The ice beast hits you but does no damage.
The ice beast misses you.
You riposte.
You barely miss the ice beast.
The ice beast is severely wounded.
You hit the ice statue.
You melt the ice statue.
You destroy the ice statue!
The Council accepts your kill.
The ice beast disappears in a puff of smoke! x3
You are engulfed in freezing vapours.
* * * LOW HITPOINT WARNING * * *
You feel better.
You are engulfed in freezing vapours.
You die...

###########
##...(©=...##
#...8.[.8...#
##....!.!....##
#..○○°§[......#
#..°@°........#
#..°°°........#
##.°.........##
#...........#
#.....©.....#
##.........##
##...∩...##
##.....##
#######


There were no monsters in sight!

Vanquished Creatures
  A boulder beetle (Lair:2)
  4 hydras
  A catoblepas (Lair:2)
  A centaur warrior (D:8)
  3 death yaks (D:10)
  2 ugly things (IceCv)
  2 black mambas
  2 ice statues (IceCv)
  Maggie (Lair:2)
  8 cane toads
  6 komodo dragons
  An efreet (D:10)
  2 ice devils (Lair:3)
  3 trolls (D:10)
  A polar bear (Lair:3)
  A slime creature (D:8)
  37 yaks
  4 basilisks
  Edmund (D:6)
  3 nagas (Lair:3)
  9 water moccasins
  3 orc warriors
  2 ogres
  10 ice beasts
  A black bear (D:10)
  A necrophage (D:9)
  8 centaurs
  A big kobold (D:9)
  12 bullfrogs
  6 scorpions (Ossuary)
  14 killer bees
  2 howler monkeys
  2 bullfrog zombies
  A centaur zombie (Ossuary)
  A quasit (D:8)
  7 orc priests
  8 hounds
  A jelly (D:7)
  11 orc wizards
  A bullfrog skeleton (D:7)
  2 centaur skeletons (D:10)
  Terence (D:3)
  A human zombie (Ossuary)
  5 iguanas
  10 worker ants
  2 hound zombies
  A hound skeleton (D:10)
  3 mummies (Ossuary)
  A howler monkey zombie (D:7)
  A worker ant zombie (D:9)
  2 gnolls (D:6)
  2 scorpion zombies (Ossuary)
  11 adders
  A river rat (D:10)
  2 shadow imps
  4 white imps
  3 ufetubi
  An ooze (D:6)
  2 adder skeletons
  6 worms
  A dart slug (D:1)
  5 leopard geckos
  39 orcs
  A ball python (D:3)
  9 bats
  5 giant cockroaches
  14 goblins
  17 hobgoblins
  15 jackals
  17 kobolds
  4 quokkas
  3 frilled lizards
  3 gnoll zombies (Ossuary)
  A goblin zombie (Ossuary)
  2 hobgoblin zombies (Ossuary)
  A jackal skeleton (D:9)
  4 kobold zombies (Ossuary)
  A leopard gecko skeleton (D:6)
  A leopard gecko zombie (D:6)
  4 orc zombies (Ossuary)
  A quokka skeleton (D:6)
  A quokka zombie (D:10)
  8 rats
403 creatures vanquished.

Vanquished Creatures (others)
  3 fungi
  6 plants
9 creatures vanquished.

Grand Total: 412 creatures vanquished

Notes
Turn   | Place    | Note
-------+----------+-------------------------------------------
     0 | D:1      | Ladykiller69 the Minotaur Gladiator began the quest for the
                  | Orb.
     0 | D:1      | Reached XP level 1. HP: 18/18 MP: 0/0
   217 | D:1      | Reached skill level 4 in Long Blades
   246 | D:1      | Reached XP level 2. HP: 24/25 MP: 1/1
   590 | D:1      | Reached XP level 3. HP: 30/30 MP: 2/2
   772 | D:1      | Reached skill level 1 in Armour
   918 | D:2      | Found a sacrificial altar of Ru.
  1738 | D:3      | Reached XP level 4. HP: 38/38 MP: 3/3
  1853 | D:3      | Noticed Terence
  1868 | D:3      | Killed Terence
  1869 | D:3      | Reached skill level 5 in Long Blades
  2032 | D:3      | Reached XP level 5. HP: 43/46 MP: 4/4
  2172 | D:3      | Found a faded altar of an unknown god.
  2585 | D:4      | Reached XP level 6. HP: 45/52 MP: 5/5
  2630 | D:4      | Reached skill level 6 in Long Blades
  3098 | D:4      | Noticed Duvessa
  3100 | D:4      | Noticed Dowan
  3298 | D:5      | Entered Level 5 of the Dungeon
  3308 | D:5      | Found a hide-covered altar of Uskayaw.
  3308 | D:5      | Found a basalt altar of Yredelemnul.
  3430 | D:5      | Reached XP level 7. HP: 60/60 MP: 6/6
  3472 | D:5      | Found an opulent altar of Gozag.
  3662 | D:5      | Reached skill level 5 in Dodging
  3663 | D:5      | Reached skill level 7 in Long Blades
  3686 | D:5      | HP: 3/60 [poisoned by an adder]
  3693 | D:5      | HP: 3/60 [poisoned by an adder]
  3701 | D:5      | HP: 2/60 [poisoned by an adder]
  4642 | D:5      | Reached skill level 5 in Fighting
  4837 | D:6      | Found Vifam's Magic Scroll Shop.
  4984 | D:6      | Bought a scroll of teleportation for 42 gold pieces
  5013 | D:6      | Found Waytale's Gadget Emporium.
  5037 | D:6      | Found Tuhytesa's Antique Weapon Shoppe.
  5122 | D:6      | Reached skill level 8 in Long Blades
  5122 | D:6      | Reached XP level 8. HP: 59/69 MP: 7/7
  5196 | D:6      | Found Siexymol's Antique Armour Boutique.
  5291 | D:6      | Found Puqoeh's General Store.
  5296 | D:6      | Bought a potion of heal wounds for 70 gold pieces
  5318 | D:6      | Found a sacrificial altar of Ru.
  5318 | D:6      | Noticed an oklob plant
  5451 | D:6      | Noticed Edmund
  5467 | D:6      | Killed Edmund
  5469 | D:6      | Reached skill level 5 in Armour
  5940 | D:7      | Reached skill level 9 in Long Blades
  6202 | D:7      | Found a sand-covered staircase.
  6207 | Ossuary  | Entered an ossuary
  6291 | Ossuary  | Reached XP level 9. HP: 77/78 MP: 8/8
  6660 | Ossuary  | Reached skill level 10 in Long Blades
  7351 | D:7      | Found a staircase to the Ecumenical Temple.
  7359 | Temple   | Entered the Ecumenical Temple
  7521 | Temple   | Became a worshipper of the Wu Jian Council
  7709 | D:8      | Found a shadowy altar of Dithmenos.
  7712 | D:8      | Found a stormy altar of Qazlal.
  7813 | D:8      | Noticed a centaur warrior
  7823 | D:8      | Killed a centaur warrior
  7824 | D:8      | Reached skill level 11 in Long Blades
  8158 | D:8      | Found Learyq's Gadget Boutique.
  8545 | D:8      | Reached XP level 10. HP: 86/88 MP: 9/9
  9952 | D:9      | Found a hazy altar of Hepliaklqana.
  9998 | D:9      | Reached * piety under Wu Jian
 10124 | D:8      | Reached skill level 12 in Long Blades
 10413 | D:9      | Found an iron altar of Okawaru.
 10987 | D:10     | Entered Level 10 of the Dungeon
 11134 | D:10     | Noticed a death yak
 11136 | D:10     | Noticed a death yak
 11251 | D:10     | Reached ** piety under Wu Jian
 11293 | D:10     | Found a staircase to the Lair.
 11333 | D:10     | Found Apiamn's Magic Scroll Boutique.
 12175 | D:10     | Noticed a death yak
 12407 | D:10     | Found Rear's Antique Weapon Shoppe.
 12434 | D:10     | Reached skill level 13 in Long Blades
 12434 | D:10     | Reached XP level 11. HP: 62/97 MP: 10/10
 13257 | D:10     | Killed a death yak
 13270 | D:10     | Killed a death yak
 13277 | D:10     | Killed a death yak
 13278 | D:10     | Reached skill level 10 in Fighting
 13496 | Lair:1   | Entered Level 1 of the Lair of Beasts
 13652 | Lair:1   | Reached skill level 14 in Long Blades
 13742 | Lair:1   | Reached skill level 10 in Armour
 13813 | Lair:1   | Reached skill level 10 in Dodging
 13846 | Lair:1   | Noticed a four-headed hydra
 13848 | Lair:1   | Noticed a six-headed hydra
 13853 | Lair:1   | Killed a one-headed hydra
 13869 | Lair:1   | Killed a three-headed hydra
 13870 | Lair:1   | Reached XP level 12. HP: 86/108 MP: 11/11
 13871 | Lair:1   | Reached *** piety under Wu Jian
 14579 | Lair:1   | Reached skill level 15 in Long Blades
 14871 | Lair:2   | Noticed an eight-headed hydra
 14893 | Lair:2   | Killed a four-headed hydra
 15080 | Lair:2   | Noticed a catoblepas
 15090 | Lair:2   | Killed a catoblepas
 15200 | Lair:2   | Noticed a boulder beetle
 15216 | Lair:2   | Killed a boulder beetle
 15216 | Lair:2   | Reached **** piety under Wu Jian
 15471 | Lair:2   | Noticed Maggie
 15479 | Lair:2   | Killed Maggie
 16018 | Lair:3   | Found a staircase to the Snake Pit.
 16147 | Lair:3   | Found a staircase to the Shoals.
 16210 | Lair:3   | Noticed a five-headed hydra
 16230 | Lair:3   | Reached skill level 16 in Long Blades
 16236 | Lair:3   | Killed a two-headed hydra
 16263 | Lair:3   | Found a frozen archway.
 16278 | IceCv    | Entered an ice cave
 16284 | IceCv    | Found a transporter.
 16290 | IceCv    | Reached XP level 13. HP: 82/117 MP: 12/12
 16347 | IceCv    | Found the +3 robe of Folly {Archmagi, Will-- Int+5}
 16347 | IceCv    | Found a transporter.
 16371 | IceCv    | Engulfed by a cloud of freezing vapour

Illustrated notes

Levels and vault maps discovered:
D:1:      lightli_iron_boxes, layout_basic
D:2:      layout_basic, nicolae_ru_sacrificial_ziggurat
D:3:      layout_loops_ring, chequers_ecumenical_altar_grove, uniq_terence
D:4:      layout_rooms, uniq_duvessa
D:5:      cheibrodos_iron_armory, layout_basic, nicolae_gozag_seed_capital,
          gammafunk_temple_overflow_wave
D:6:      corexii_shantytown, layout_rooms, serial_shops, nicolae_shop_stone,
          shop, kennysheep_little_box, shop, shop, lemuel_oklob_altar,
          uniq_edmund
D:7:      layout_cave_pools, minmay_temple_entry_drinking_statues,
          nicolae_ossuary_entry_plus
D:8:      layout_layer_cave, grunt_temple_overflow_open, serial_shops,
          nicolae_shop_waterfront, chequers_serial_rivers_small_b,
          chequers_serial_rivers_small_a, minmay_small_thing
D:9:      layout_cave_pools, okawaru_gym_becter, basic_altar, nicolae_sextant,
          grunt_ministairs_7, billiards_dpeg
D:10:     layout_loops_cross, dpeg_lair_monsters, serial_shops, shop,
          shop_fountains
Temple:   regret_index_temple_waves
Lair:1:   layout_small_grid, chequers_serial_rivers_room_b,
          cheibrodos_lair_reptile_den, grunt_megastairs_5
Lair:2:   layout_regular_city, beast_lair_carwin_4, uniq_maggie
Lair:3:   layout_regular_city, minmay_shoals_entry_centaurs,
          minmay_snake_entry_guardpost_small, portal_ice_cave_demonic_guard
IceCv:    ice_cave_statue_garden_transporter

Skill      XL: |  1  2  3  4  5  6  7  8  9 10 11 12 13 |
---------------+----------------------------------------+-----
Long Blades    | 4 5 6 8 9 11 13 14 16 | 16.3
Fighting       | 3 4 5 6 8 9 10 11 12 | 12.0
Armour         | 1 2 3 4 6 7 9 10 11 | 11.7
Dodging        | 4 5 6 7 9 10 11 | 11.4
Throwing       | |  2.0

Action                   |  1- 3 |  4- 6 |  7- 9 | 10-12 | 13-15 || total
-------------------------+-------+-------+-------+-------+-------++-------
Melee: Long sword        |    93 |   143 |   432 |   361 |       ||  1029
       Headbutt          |    20 |    25 |    97 |   174 |     6 ||   322
       Scimitar          |       |       |       |   293 |    25 ||   318
Throw: Javelin           |       |     3 |       |       |       ||     3
Invok: Lunge             |       |       |     6 |    38 |     1 ||    45
       Whirlwind         |       |       |       |    49 |     7 ||    56
 Abil: Wall Jump         |       |       |       |     1 |       ||     1
  Use: Scroll            |       |       |       |    28 |       ||    28
       Potion            |       |       |       |     2 |     1 ||     3
Armor: Leather armour    |     4 |       |       |       |       ||     4
       Plate armour      |    83 |   105 |   270 |   228 |       ||   686
       Quicksilver drago |       |       |       |    15 |     5 ||    20
Dodge: Dodged            |    48 |    46 |   194 |   248 |    17 ||   553
       Rpst.: Long sword |    16 |     7 |    44 |    35 |       ||   102
       Scimitar          |       |       |       |    22 |     4 ||    26
